 Dungeon Crawl Stone Soup version 0.30.0-10-gfe55d96785 (webtiles) character file.

Game seed: 6431466968288366439

6435 Renzlar the Blocker (level 10, 0/83 HPs)
             Began as a Gnoll Fighter on May 14, 2023.
             Was an Elder of Okawaru.
             Slain by a killer bee (7 damage)
             ... on level 9 of the Dungeon.
             The game lasted 00:39:08 (8083 turns).

Renzlar the Blocker (Gnoll Fighter)                 Turns: 8083, Time: 00:39:09

Health: 0/83       AC: 14    Str: 25    XL:     10   Next: 99%
Magic:  19/19      EV: 12    Int:  9    God:    Okawaru [****..]
Gold:   1416       SH:  6    Dex: 11    Spells: 15/21 levels left

rFire   . . .        a - +3 war axe
rCold   . . .        q - +0 buckler
rNeg    . . .        b - +2 scale mail
rPois   .            f - +0 helmet
rElec   .            (no cloak)
rCorr   .            (no gloves)
SInv    .            B - +1 pair of boots {Fly}
Will    +....        (no amulet)
Stlth   ++           E - +6 ring of strength
HPRegen 0.33/turn    s - ring of willpower
MPRegen 0.16/turn

%: no passive effects
@: flying
A: fangs 1, strong nose, distributed training
a: Renounce Religion, Heroism, Finesse


You were on level 9 of the Dungeon.
You worshipped Okawaru.
Okawaru was greatly pleased with you.
You visited 2 branches of the dungeon, and saw 10 of its levels.
You also visited: Bailey.

You collected 1666 gold pieces.
You spent 250 gold pieces at shops.

Inventory:

Hand Weapons
 a - a +3 war axe (weapon)
 c - a +0 sling
 h - a +2 dagger of draining
 n - a +0 heavy mace
Missiles
 j - 5 javelins
Armour
 b - a +2 scale mail (worn)
 f - a +0 helmet (worn)
 q - a +0 buckler (worn)
 B - a +1 pair of boots of flying (worn)
Jewellery
 s - a ring of willpower (right hand)
 E - a +6 ring of strength (left hand)
Wands
 r - a wand of digging (7)
 u - a wand of quicksilver (5)
 y - a wand of mindburst (3)
 z - a wand of iceblast (10)
Scrolls
 e - 4 scrolls of teleportation
 l - a scroll of fog
 o - 2 scrolls of blinking
 x - a scroll of amnesia
Potions
 d - 2 potions of curing {unknown}
 g - a potion of haste
 k - a potion of mutation {unknown}
 p - 5 potions of flight
 t - a potion of invisibility
 v - a potion of magic {unknown}
 A - 3 potions of might
 C - 3 potions of berserk rage {unknown}
 D - a potion of cancellation {unknown}
 F - a potion of ambrosia {unknown}


   Skills:
 + Level 9.0 Fighting
 + Level 6.0 Short Blades
 + Level 6.0 Long Blades
 + Level 7.6 Axes
 + Level 6.0 Maces & Flails
 + Level 6.0 Polearms
 + Level 6.0 Staves
 + Level 6.0 Ranged Weapons
 + Level 6.0 Throwing
 + Level 9.0 Armour
 + Level 6.0 Dodging
 + Level 6.0 Stealth
 + Level 9.0 Shields
 + Level 6.0 Unarmed Combat
 + Level 6.0 Spellcasting
 + Level 5.0 Conjurations
 + Level 5.0 Hexes
 + Level 5.0 Summonings
 + Level 5.0 Necromancy
 + Level 5.0 Translocations
 + Level 5.0 Transmutations
 + Level 5.0 Fire Magic
 + Level 5.0 Ice Magic
 + Level 5.0 Air Magic
 + Level 5.0 Earth Magic
 + Level 5.0 Poison Magic
 + Level 6.6 Invocations
 + Level 6.0 Evocations


You had 15 spell levels left.
You knew the following spells:

 Your Spells              Type           Power      Damage    Failure   Level
a - Tukima's Dance        Hex            11%        N/A       21%         3
b - Stone Arrow           Conj/Erth      22%        3d8       21%         3

Your spell library contained the following spells:

 Spells                   Type           Power      Damage    Failure   Level
 Apportation              Tloc           22%        N/A       7%          1
 Necrotise                Necr           44%        1d6       7%          1
 Sandblast                Erth           22%        2d7       7%          1
 Lesser Beckoning         Tloc           22%        N/A       10%         2
 Passwall                 Tmut/Erth      9%         N/A       10%         2
 Gell's Gravitas          Tloc           11%        N/A       21%         3
 Hailstorm                Conj/Ice       11%        3d5       21%         3
 Portal Projectile        Hex/Tloc       22%        N/A       21%         3
 Teleport Other           Tloc           11%        N/A       21%         3
 Ice Form                 Ice/Tmut       11%        N/A       54%         4
 Blade Hands              Tmut           5%         N/A       88%         5
 Summon Small Mammal      Summ           Unusable   N/A       N/A         1
 Simulacrum               Ice/Necr       Unusable   N/A       N/A         6
 Malign Gateway           Summ/Tloc      Unusable   N/A       N/A         7
 Summon Horrible Things   Summ           Unusable   N/A       N/A         8

Dungeon Overview and Level Annotations

Branches:
Dungeon (9/15)             Temple (1/1) D:7            Lair (0/5) D:8
 Bailey (visited)
    Orc: D:9-12

Altars:
Dithmenos
Okawaru
Qazlal
Ru
Sif Muna
Xom

Shops:
D:2 =


Innate Abilities, Weirdness & Mutations

You have very sharp teeth.
Your uncanny sense of smell can sniff out nearby items.
Your experience applies equally to all skills.


Message History

Your Necromancy skill increases to level 5!
Your Translocations skill increases to level 5!
Your Transmutations skill increases to level 5!
Your Fire Magic skill increases to level 5!
Your Ice Magic skill increases to level 5!
Your Air Magic skill increases to level 5!
Your Earth Magic skill increases to level 5!
Your Poison Magic skill increases to level 5!
Unknown command.
You start resting.
You feel less wooden.
Your +0 helmet unmelds from your body.
Your +1 pair of boots of flying unmelds from your body.
Your +2 scale mail unmelds from your body.
You fly up into the air.
A killer bee comes into view.
Things that are here:
a +0 spear; a +0 scale mail; a killer bee corpse A howler monkey comes into view.
The howler monkey howls!
You thump the howler monkey!
The howler monkey is heavily wounded.
You hear an angry buzzing noise.
The howler monkey hits you but does no damage.
The howler monkey closely misses you.
The killer bee buzzes angrily.
You sock the howler monkey! Your bite misses the howler monkey.
The howler monkey is almost dead.
The killer bee closely misses you.
The howler monkey hits you but does no damage.
The killer bee closely misses you.
The howler monkey hoots and howls with incredible vigour!
You hear a shout! x4
a - a +3 war axe (weapon)
The killer bee closely misses you.
You miss the killer bee. You hit the howler monkey.
You kill the howler monkey!
Okawaru accepts your kill. The killer bee stings you!
You die...

# ∆ ∆ .# . ### .# ##.# #.#
## ####..##†# ./# !g.#.#@#
K. #.. #.#.#y#.# #..#
#..#..).# #..# #..K.##.#
#..# ∆ #y#### .+ ∆ #..#
#...# # #..# #.#.# .. ...
#..#######.###.#.#######..
..
#........................
...


You could see a killer bee and a kobold.

Vanquished Creatures
  Pikel (D:7)
  3 orc knights (Bailey)
  Joseph (D:8)
  Maggie (D:8)
  Sigmund (D:6)
  Menkaure (D:7)
  6 orc warriors
  4 ice beasts
  2 sky beasts
  4 black bears
  A centaur (D:9)
  A lemure (D:7)
  A phantom (D:7)
  A kobold brigand (D:9)
  A bullfrog (D:8)
  2 gnoll sergeants (D:9)
  3 scorpions
  11 wights
  2 killer bees (D:9)
  5 howler monkeys (D:9)
  4 hounds
  A jelly (D:7)
  6 orc priests
  A sleepcap (D:6)
  4 iguanas
  13 orc wizards
  2 gnolls (Bailey)
  5 adders
  5 worms
  2 dart slugs
  37 orcs
  4 ball pythons
  5 endoplasms
  2 giant cockroaches (D:3)
  7 goblins
  8 hobgoblins
  9 jackals
  14 kobolds
  4 bats
  2 frilled lizards
  7 rats
194 creatures vanquished.

Vanquished Creatures (others)
  An orc wizard (D:2)
1 creature vanquished.

Grand Total: 195 creatures vanquished

Notes
Turn   | Place    | Note
-------+----------+-------------------------------------------
     0 | D:1      | Renzlar the Gnoll Fighter began the quest for the Orb.
     0 | D:1      | Reached XP level 1. HP: 23/23 MP: 1/1
   323 | D:1      | Reached XP level 2. HP: 29/29 MP: 2/2
   651 | D:2      | Identified the +0 robe of the Kettle-Drum {Rampage}
   855 | D:2      | Found Siuggian's Jewellery Emporium.
   998 | D:2      | Reached XP level 3. HP: 35/35 MP: 3/3
  1029 | D:2      | Reached skill level 1 in Invocations
  1046 | D:2      | Reached skill level 1 in Short Blades
  1046 | D:2      | Reached skill level 1 in Long Blades
  1046 | D:2      | Reached skill level 1 in Maces & Flails
  1046 | D:2      | Reached skill level 1 in Polearms
  1046 | D:2      | Reached skill level 1 in Staves
  1046 | D:2      | Reached skill level 1 in Ranged Weapons
  1046 | D:2      | Reached skill level 1 in Throwing
  1046 | D:2      | Reached skill level 1 in Dodging
  1046 | D:2      | Reached skill level 1 in Stealth
  1046 | D:2      | Reached skill level 1 in Unarmed Combat
  1046 | D:2      | Reached skill level 1 in Spellcasting
  1046 | D:2      | Reached skill level 1 in Evocations
  1046 | D:2      | Reached XP level 4. HP: 31/41 MP: 5/5
  1057 | D:2      | Reached skill level 1 in Conjurations
  1057 | D:2      | Reached skill level 1 in Hexes
  1057 | D:2      | Reached skill level 1 in Summonings
  1057 | D:2      | Reached skill level 1 in Necromancy
  1057 | D:2      | Reached skill level 1 in Translocations
  1057 | D:2      | Reached skill level 1 in Transmutations
  1057 | D:2      | Reached skill level 1 in Fire Magic
  1057 | D:2      | Reached skill level 1 in Ice Magic
  1057 | D:2      | Reached skill level 1 in Air Magic
  1057 | D:2      | Reached skill level 1 in Earth Magic
  1057 | D:2      | Reached skill level 1 in Poison Magic
  1779 | D:3      | Reached XP level 5. HP: 44/47 MP: 7/7
  2004 | D:3      | Found a faded altar of an unknown god.
  2343 | D:4      | Learned a level 3 spell: Tukima's Dance
  2608 | D:4      | Identified the +1 robe "Jylusuoh" {Drain Dex+3 SInv}
  2741 | D:4      | Reached XP level 6. HP: 49/53 MP: 8/8
  2759 | D:4      | Found a sacrificial altar of Ru.
  2827 | D:4      | Found a shimmering altar of Xom.
  2836 | D:4      | Found a shimmering blue altar of Sif Muna.
  2966 | D:4      | Identified a scroll of acquirement
  2966 | D:4      | Acquired 745 gold pieces
  2999 | D:5      | Entered Level 5 of the Dungeon
  3030 | D:5      | Reached skill level 5 in Axes
  3047 | D:5      | Noticed an ice beast
  3059 | D:5      | Killed an ice beast
  3134 | D:2      | Bought a ring of willpower for 250 gold pieces
  3272 | D:5      | Reached XP level 7. HP: 60/60 MP: 10/10
  4026 | D:6      | Identified the +1 robe of Uskayaw's Reproof {Archmagi}
  4056 | D:6      | Noticed Sigmund
  4072 | D:6      | Killed Sigmund
  4073 | D:6      | Reached XP level 8. HP: 67/67 MP: 12/12
  4682 | D:6      | Learned a level 3 spell: Stone Arrow
  4722 | D:6      | Found an iron altar of Okawaru.
  4728 | D:6      | Became a worshipper of Warmaster Okawaru
  4866 | D:7      | Found a staircase to the Ecumenical Temple.
  4881 | D:7      | Noticed Menkaure
  4892 | Temple   | Entered the Ecumenical Temple
  4902 | Temple   | Reached XP level 9. HP: 27/73 MP: 14/14
  5050 | D:7      | Killed Menkaure
  5251 | D:7      | Noticed Pikel
  5290 | D:7      | Reached * piety under Okawaru
  5300 | D:7      | Killed Pikel
  5499 | D:7      | Reached skill level 5 in Invocations
  5552 | D:7      | Reached ** piety under Okawaru
  5848 | D:8      | Found a staircase to the Lair.
  5859 | D:8      | Found a flagged portal.
  6053 | Bailey   | Entered a bailey
  6060 | Bailey   | Noticed an orc knight
  6084 | Bailey   | Noticed an orc knight
  6291 | Bailey   | Killed an orc knight
  6292 | Bailey   | Reached skill level 5 in Short Blades
  6292 | Bailey   | Reached skill level 5 in Long Blades
  6292 | Bailey   | Reached skill level 5 in Maces & Flails
  6292 | Bailey   | Reached skill level 5 in Polearms
  6292 | Bailey   | Reached skill level 5 in Staves
  6292 | Bailey   | Reached skill level 5 in Ranged Weapons
  6292 | Bailey   | Reached skill level 5 in Throwing
  6292 | Bailey   | Reached skill level 5 in Dodging
  6292 | Bailey   | Reached skill level 5 in Stealth
  6292 | Bailey   | Reached skill level 5 in Unarmed Combat
  6292 | Bailey   | Reached skill level 5 in Spellcasting
  6292 | Bailey   | Reached skill level 5 in Evocations
  6292 | Bailey   | Reached XP level 10. HP: 68/82 MP: 17/17
  6292 | Bailey   | Noticed an orc knight
  6304 | Bailey   | Killed an orc knight
  6313 | Bailey   | Reached *** piety under Okawaru
  6529 | Bailey   | Killed an orc knight
  7010 | D:8      | Noticed Joseph
  7030 | D:8      | Killed Joseph
  7217 | D:8      | Noticed Maggie
  7476 | D:8      | Killed Maggie
  7649 | D:9      | Identified the +4 short sword of Deflation {freeze, rN+}
  7879 | D:8      | Reached **** piety under Okawaru
  8067 | D:9      | HP: 6/124 [killer bee (3)]
  8068 | D:9      | HP: 2/124 [killer bee (5)]
  8074 | D:9      | Reached skill level 5 in Conjurations
  8074 | D:9      | Reached skill level 5 in Hexes
  8074 | D:9      | Reached skill level 5 in Summonings
  8074 | D:9      | Reached skill level 5 in Necromancy
  8074 | D:9      | Reached skill level 5 in Translocations
  8074 | D:9      | Reached skill level 5 in Transmutations
  8074 | D:9      | Reached skill level 5 in Fire Magic
  8074 | D:9      | Reached skill level 5 in Ice Magic
  8074 | D:9      | Reached skill level 5 in Air Magic
  8074 | D:9      | Reached skill level 5 in Earth Magic
  8074 | D:9      | Reached skill level 5 in Poison Magic
  8083 | D:9      | Slain by a killer bee

Illustrated notes

Levels and vault maps discovered:
D:1:      tarquinn_simple_flora_water_e, layout_basic, minmay_door_square
D:2:      layout_basic, serial_shops, nicolae_square_shop
D:3:      layout_loops_cross, ebering_ecumenical_altar_abandoned
D:4:      layout_rooms, hangedman_ru_absence, amethyst_overflow_temple_binary
D:5:      layout_gridville, skrybe_limestone_x
D:6:      layout_basic, hellmonk_okawaru_the_only_friend_you_need, uniq_sigmund
D:7:      layout_rooms, minmay_temple_entry_wispy, grunt_decor_resistance,
          uniq_menkaure, uniq_pikel
D:8:      layout_rooms, lair_entry_dummy, enter_bailey_2, uniq_joseph,
          uniq_maggie
D:9:      layout_cave_pools, mainiacjoe_overflow_big_doors, serial_shops, shop,
          minmay_shattered_shrine
Temple:   nicolae_temple_superstar

Skill      XL: |  1  2  3  4  5  6  7  8  9 10 |
---------------+-------------------------------+-----
Invocations    | 1 2 3 4 5 6 |  6.6
Short Blades   | 1 2 3 5 6 |  6.0
Long Blades    | 1 2 3 5 6 |  6.0
Maces & Flails | 1 2 3 5 6 |  6.0
Polearms       | 1 2 3 5 6 |  6.0
Staves         | 1 2 3 5 6 |  6.0
Ranged Weapons | 1 2 3 5 6 |  6.0
Throwing       | 1 2 3 5 6 |  6.0
Dodging        | 1 2 3 5 6 |  6.0
Stealth        | 1 2 3 5 6 |  6.0
Unarmed Combat | 1 2 3 5 6 |  6.0
Spellcasting   | 1 2 3 5 6 |  6.0
Evocations     | 1 2 3 5 6 |  6.0
Conjurations   | 1 2 3 4 5 |  5.0
Hexes          | 1 2 3 4 5 |  5.0
Summonings     | 1 2 3 4 5 |  5.0
Necromancy     | 1 2 3 4 5 |  5.0
Translocations | 1 2 3 4 5 |  5.0
Transmutations | 1 2 3 4 5 |  5.0
Fire Magic     | 1 2 3 4 5 |  5.0
Ice Magic      | 1 2 3 4 5 |  5.0
Air Magic      | 1 2 3 4 5 |  5.0
Earth Magic    | 1 2 3 4 5 |  5.0
Poison Magic   | 1 2 3 4 5 |  5.0
Axes           | 5 6 7 |  7.6
Fighting       | 7 8 9 |  9.0
Armour         | 7 8 9 |  9.0
Shields        | 7 8 9 |  9.0

Action                     |  1- 3 |  4- 6 |  7- 9 | 10-12 || total
---------------------------+-------+-------+-------+-------++-------
  Melee: War axe           |    62 |   135 |   174 |    58 ||   429
         Bite              |     1 |    11 |    26 |    20 ||    58
         Mace              |       |       |    18 |    55 ||    73
         Scimitar          |       |       |    44 |    42 ||    86
   Fire: Sling             |       |    34 |   133 |    81 ||   248
 Invoke: Heroism           |       |       |     1 |     1 ||     2
  Evoke: Wand              |       |       |     7 |     8 ||    15
    Use: Scroll            |     6 |     4 |     8 |     3 ||    21
         Potion            |       |       |     2 |     1 ||     3
 Armour: Scale mail        |    23 |    70 |    89 |    29 ||   211
         Skin              |       |       |       |    23 ||    23
  Dodge: Dodged            |    12 |    46 |   109 |    90 ||   257
  Block: Buckler           |    16 |    35 |    73 |    59 ||   183
